 Dungeon Crawl Stone Soup version 0.14-a0-2374-ge879b5e (webtiles) character file.

2613 Econoterrorist the Grappler (level 9, -5/72 HPs)
             Began as a Ghoul Monk on Feb 1, 2014.
             Was a Believer of Okawaru.
             Slain by an orc wizard
             ... wielding a +0,+0 orcish flail
              (7 damage)
             ... on Level 6 of the Dungeon.
             The game lasted 00:28:01 (5806 turns).

Econoterrorist the Grappler (Ghoul Monk)            Turns: 5806, Time: 00:28:02

HP  -5/72        AC  4     Str 15      XL: 9   Next: 37%
MP   0/12        EV 12     Int  8      God: Okawaru [**....]
Gold 357         SH 11     Dex 11      Spells:  0 memorised,  8 levels left

rFire  . . .     SeeInvis .       - Unarmed
rCold  + . .     Clarity  .     l - +0 leather armour (curse)
rNeg   + + +     Conserve .     x - +0 dwarf buckler
rPois  +         rCorr    .     (no helmet)
rElec  .         rRot     +     e - +0 cloak
SustAb . .       Spirit   +     (no gloves)
rMut   .         Warding  .     (no boots)
Saprov + + +     Stasis   .     p - amulet of guardian spirit
MR     .....                    (no ring)
                                (no ring)

@: rotting, not resistant to hostile enchantments, unstealthy
A: rotting body, claws 1, carnivore 3, cold resistance 1, life protection 3,
poison resistance, saprovore 3, slow healing 1, torment resistance, unbreathing
a: Heroism, Renounce Religion


You were on level 6 of the Dungeon.
You worshipped Okawaru.
Okawaru was pleased with you.
You were not hungry.

You visited 2 branches of the dungeon, and saw 7 of its levels.

You collected 357 gold pieces.

Inventory:

Armour
 e - a +0 cloak (worn)
 l - a cursed +0 leather armour (worn)
 x - a +0 dwarven buckler (worn)
Magical devices
 m - a wand of lightning (1) {unknown}
 G - a wand of magic darts (14) {unknown}
Comestibles
 C - a meat ration
 K - a chunk of kobold flesh
Scrolls
 a - 2 scrolls of identify
 c - a scroll of blinking {unknown}
 d - a scroll of amnesia {unknown}
 g - a scroll of recharging {unknown}
 i - a scroll of curse armour
 j - a scroll of enchant armour {unknown}
 n - 2 scrolls of curse jewellery {unknown}
 q - a scroll of immolation {unknown}
 r - a scroll of enchant weapon I {unknown}
 u - 3 scrolls of fear {unknown}
 z - 2 scrolls of magic mapping {unknown}
 A - 2 scrolls of remove curse {unknown}
 E - a scroll of random uselessness {unknown}
 I - a scroll of fog {unknown}
Jewellery
 f - an uncursed amulet of faith
 o - a +0,+5 ring of slaying {unknown}
 p - an amulet of guardian spirit (around neck)
 y - an uncursed ring of ice
Potions
 b - a potion of speed {unknown}
 h - a potion of paralysis {unknown}
 k - a potion of invisibility {unknown}
 t - a potion of brilliance {unknown}
 v - a potion of poison {unknown}
 w - a potion of flight {unknown}
 B - a potion of confusion {unknown}
 D - a potion of berserk rage {unknown}
 H - a potion of magic {unknown}


   Skills:
 * Level 4.7 Fighting
 + Level 3.3 Dodging
 - Level 2.1 Stealth
 - Level 6.7 Shields
 - Level 10.0 Unarmed Combat
 - Level 3.3 Invocations


You had 8 spell levels left.
You didn't know any spells.

Dungeon Overview and Level Annotations

Branches:
Dungeon (6/16)             Temple (1/1) D:6

Altars:
Cheibriados
Dithmengos
Elyvilon
Fedhas
Kikubaaqudgha
Makhleb
Nemelex Xobeh
Okawaru
Trog
Xom
Yredelemnul


Innate Abilities, Weirdness & Mutations

Your body is rotting away.
You have sharp fingernails.
You are carnivorous and can eat meat at any time.
Your flesh is cold resistant.
You are immune to negative energy.
Your system is resistant to poisons.
You thrive on rotten meat.
You heal slowly when monsters are visible.
You are immune to unholy pain and torment.
You can survive without breathing.


Message History

* * * LOW HITPOINT WARNING * * *
You continue eating.
The orc priest mumbles some strange prayers to Beogh against you.
You hear some strange, mumbled words.
The puff of flame hits you!
One of your 3 scrolls labeled EDONAIGAPH catches fire!
* * * LOW HITPOINT WARNING * * *
You continue eating.
Something hits you.
* * * LOW HITPOINT WARNING * * *
Drink which item? (? for menu, Esc to quit)
You feel better.
Eat a chunk of hobgoblin flesh? (ye/n/q/i?) This raw flesh tastes good!
Something hits you but does no damage.
The orc priest invokes the aid of Beogh against you.
Something smites you!
* * * LOW HITPOINT WARNING * * *
You continue eating.
Something hits you!
You die...

#.# #.# #.# #
######.####.#
#...........###
##.###.........
#.......####
#.####..... #@#
..... #{# ....
#o# ... #<. #.#
#.# #.# #.. ###


You could see an orc priest.

Vanquished Creatures
  Pikel (D:4)
  Sigmund (D:4)
  The ghost of MirrMurr the Covert, an experienced SpEn of Ashenzari (D:6)
  A slave (D:4)
  An ice beast (D:6)
  A sky beast (D:6)
  2 phantoms (D:4)
  3 ogres
  A centaur (D:5)
  A giant frog zombie (D:5)
  A goliath beetle (D:6)
  A quasit (D:5)
  A crimson imp (D:6)
  Crazy Yiuf (D:4)
  An orc wizard (D:4)
  3 iguanas
  2 worker ants (D:4)
  A scorpion (D:4)
  12 adders
  6 gnolls
  A giant mite (D:4)
  5 worms
  A giant eyeball (D:4)
  2 oozes
  6 orcs
  5 giant cockroaches
  7 goblins
  6 hobgoblins
  16 jackals
  2 quokkas
  13 bats
  A giant gecko (D:5)
  3 giant newts (D:2)
  A giant newt skeleton (D:5)
  10 kobolds
  A quokka skeleton (D:5)
  6 rats
128 creatures vanquished.

Vanquished Creatures (others)
  The ghost of Econoterrorist the Covert, an average SpEn of Dithmengos (D:4)
  2 slaves (D:4)
  An orc priest (D:4)
  An orc wizard (D:4)
  A giant gecko (D:4)
  2 orcs (D:4)
  A bat (D:4)
  A jackal (D:4)
  2 fungi (D:4)
12 creatures vanquished.

Grand Total: 140 creatures vanquished

Notes
Turn   | Place    | Note
--------------------------------------------------------------
     0 | D:1      | Econoterrorist, the Ghoul Monk, began the quest for the Orb.
     0 | D:1      | Reached XP level 1. HP: 19/19 MP: 1/1
   316 | D:1      | Reached XP level 2. HP: 26/26 MP: 2/2
   422 | D:1      | Reached skill level 5 in Unarmed Combat
   983 | D:2      | Reached XP level 3. HP: 29/31 MP: 3/3
  1150 | D:2      | Reached skill level 6 in Unarmed Combat
  1150 | D:2      | Reached XP level 4. HP: 35/38 MP: 3/3
  1693 | D:3      | Reached skill level 1 in Shields
  1934 | D:3      | Found a sparkling altar of Nemelex Xobeh.
  1953 | D:3      | Reached XP level 5. HP: 40/45 MP: 4/4
  2493 | D:4      | Noticed a phantom
  2553 | D:4      | Killed a phantom
  2553 | D:4      | Reached XP level 6. HP: 41/51 MP: 3/5
  2848 | D:4      | Noticed Sigmund
  2869 | D:4      | Noticed a slave
  2869 | D:4      | Noticed a slave
  2870 | D:4      | Noticed a slave
  2871 | D:4      | Noticed Pikel
  2873 | D:4      | Noticed a slave
  2885 | D:4      | Noticed a phantom
  2942 | D:4      | Killed Pikel
  2942 | D:4      | Reached XP level 7. HP: 48/57 MP: 0/5
  2949 | D:4      | Noticed Econoterrorist's ghost (average SpEn)
  3033 | D:4      | Killed Econoterrorist's ghost
  3033 | D:4      | Reached XP level 8. HP: 12/63 MP: 6/6
  3090 | D:4      | Paralysed by a giant eyeball for 3 turns
  3160 | D:4      | Killed a freed slave
  3163 | D:4      | Killed a freed slave
  3215 | D:4      | Killed Sigmund
  3215 | D:4      | Reached skill level 7 in Unarmed Combat
  3353 | D:4      | Killed a phantom
  3353 | D:4      | Reached skill level 8 in Unarmed Combat
  3520 | D:4      | Noticed Crazy Yiuf
  3530 | D:4      | Killed Crazy Yiuf
  3706 | D:4      | Killed a freed slave
  4011 | D:5      | Entered Level 5 of the Dungeon
  4073 | D:5      | Reached skill level 9 in Unarmed Combat
  4675 | D:6      | Found a staircase to the Ecumenical Temple.
  4688 | Temple   | Entered the Ecumenical Temple
  4863 | Temple   | Became a worshipper of Warmaster Okawaru
  4863 | Temple   | Acquired Okawaru's first power
  4937 | D:6      | Reached skill level 10 in Unarmed Combat
  4937 | D:6      | Reached XP level 9. HP: 65/70 MP: 7/7
  5182 | D:6      | Reached skill level 1 in Invocations
  5412 | D:6      | Noticed MirrMurr's ghost (experienced SpEn)
  5424 | D:6      | Killed MirrMurr's ghost
  5803 | D:6      | HP: 3/72 [something (5)]
  5806 | D:6      | Slain by an orc wizard

Action                   |  1- 3 |  4- 6 |  7- 9 || total
-------------------------+-------+-------+-------++-------
Melee: Unarmed           |    96 |   211 |   253 ||   560
Invok: Heroism           |       |       |     3 ||     3
  Use: Potion            |       |     5 |     6 ||    11
       Scroll            |       |     4 |       ||     4
 Stab: Sleeping          |     2 |       |     6 ||     8
